 Dungeon Crawl Stone Soup version 0.24.0-1-gfbc8707 (webtiles) character file.

Game seed: 3374921657316613155, levelgen mode: deterministic

161 Illumine the Covered (level 5, -1/42 HPs)
             Began as a Minotaur Fighter on Nov 28, 2019.
             Was an Initiate of Hepliaklqana.
             Killed by divine providence
             ... invoked by an orc priest
              (12 damage)
             ... on level 3 of the Dungeon.
             The game lasted 00:01:39 (1939 turns).

Illumine the Covered (Minotaur Fighter)             Turns: 1939, Time: 00:01:40

Health: -1/42      AC:  7    Str: 22    XL:     5   Next: 19%
Magic:  4/4        EV:  8    Int:  5    God:    Hepliaklqana [......]
Gold:   123        SH:  9    Dex:  9    Spells: 4/4 levels left

rFire    . . .     SeeInvis .   a - +0 war axe
rCold    . . .     Gourm    .   c - +0 shield
rNeg     + . .     Faith    .   b - +0 scale mail
rPois    +         Spirit   .   (helmet restricted)
rElec    .         Reflect  .   (no cloak)
rCorr    .         Harm     .   (no gloves)
MR       .....                  (no boots)
Stlth    ..........             (no amulet)
HPRegen  0.14/turn              i - ring of positive energy
MPRegen  0.09/turn              l - ring of poison resistance

@: no status effects
A: retaliatory headbutt, reduced essence, horns 2
a: Recall Ancestor, Ancestor Identity, Renounce Religion


You were on level 3 of the Dungeon.
You worshipped Hepliaklqana.
Hepliaklqana was noncommittal.
You were not hungry.

You visited 1 branch of the dungeon, and saw 3 of its levels.

You collected 123 gold pieces.

Inventory:

Hand Weapons
 a - a +0 war axe (weapon)
Missiles
 o - 15 poisoned darts (quivered)
Armour
 b - a +0 scale mail (worn)
 c - a +0 shield (worn)
Jewellery
 i - a ring of positive energy (left hand)
 l - a ring of poison resistance (right hand)
Scrolls
 h - 2 scrolls of identify {unknown}
 j - a scroll of enchant weapon {unknown}
 k - a scroll of remove curse {unknown}
Potions
 d - 2 potions of might
 e - 3 potions of flight {unknown}
 g - a potion of brilliance {unknown}
 m - 2 potions of curing {unknown}
 n - a potion of berserk rage {unknown}
Comestibles
 f - 4 rations


   Skills:
 + Level 4.4 Fighting
 + Level 4.1 Axes
 + Level 4.6 Armour
 + Level 1.0 Dodging
 + Level 4.5 Shields


You had 4 spell levels left.
You didn't know any spells.
Your spell library was empty.

Dungeon Overview and Level Annotations

Branches:
Dungeon (3/15)

Altars:
Fedhas
Hepliaklqana
Vehumet
The Shining One


Innate Abilities, Weirdness & Mutations

You reflexively headbutt those who attack you in melee.
You have a pair of horns on your head.
Your life essence is reduced to manifest your ancestor. (-10% HP)


Message History

Nkonkoni hits the orc priest.
Unknown command.
You barely miss the orc priest.
The orc priest is severely wounded.
You slash the orc!
You kill the orc!
Your Dodging skill increases to level 1!
The orc priest hits you but does no damage.
Nkonkoni barely misses the orc priest.
You barely miss the orc priest.
The orc priest is severely wounded.
The orc priest hits you with a +0 trident.
* * * LOW HITPOINT WARNING * * *
Nkonkoni closely misses the orc priest.
The orc priest barely misses you.
You barely miss the orc priest.
The orc priest is severely wounded.
Nkonkoni hits the orc priest.
The orc priest mumbles some strange prayers to Beogh against you.
Beogh smites you!
You die...

#.#........# #.#.######.#
#####.#.#[...#.#
#.......#.##.#.##
#.#...#†...#.#..########.#
#.#.###.#..#†............#
#.#. #.#..#..####.####..
#.#. #.#..#..##)....## #<#
#.#..#..#.@[(...# ###
#.#..#(.#oR)....#
#.#..#......_......
#.#..#..#.......#.. #.#
#..#.......#.## ...
##.....## # ### ###.### ..


You could see the friendly Nkonkoni the ancestor and an orc priest.

Vanquished Creatures
  A bullfrog (D:2)
  4 adders
  An ooze (D:1)
  A dart slug (D:1)
  A leopard gecko (D:1)
  3 orcs (D:3)
  3 giant cockroaches
  4 goblins
  9 hobgoblins
  3 jackals (D:2)
  5 kobolds
  6 bats
  5 frilled lizards
  5 rats
51 creatures vanquished.

Vanquished Creatures (collateral kills)
  A bat (D:2)
1 creature vanquished.

Vanquished Creatures (others)
  An orc (D:3)
  An ancestor (D:2)
2 creatures vanquished.

Grand Total: 54 creatures vanquished

Notes
Turn   | Place    | Note
-------+----------+-------------------------------------------
     0 | D:1      | Illumine the Minotaur Fighter began the quest for the Orb.
     0 | D:1      | Reached XP level 1. HP: 19/19 MP: 0/0
   223 | D:1      | Reached XP level 2. HP: 25/27 MP: 1/1
   699 | D:1      | Reached XP level 3. HP: 33/33 MP: 2/2
  1063 | D:2      | Found a hazy altar of Hepliaklqana.
  1229 | D:2      | Became a worshipper of Hepliaklqana the Forgotten
  1333 | D:2      | Noticed a bullfrog
  1345 | D:2      | Killed a bullfrog
  1345 | D:2      | Reached XP level 4. HP: 20/36 MP: 3/3
  1406 | D:2      | Found a glowing golden altar of the Shining One.
  1747 | D:3      | Found a radiant altar of Vehumet.
  1796 | D:3      | Reached XP level 5. HP: 38/42 MP: 4/4
  1928 | D:3      | Found a blossoming altar of Fedhas.
  1937 | D:3      | Reached skill level 1 in Dodging
  1939 | D:3      | Killed from afar by an orc priest

Levels and vault maps discovered:
D:1:      doesnt_arrival_eight_statues, layout_basic, minmay_ruptured
D:2:      minmay_wonky_spiral, layout_loops_cross, lemuel_doored_altar,
          nicolae_overflow_crystal_walls
D:3:      layout_basic, fiery_altar_vehumet, old_standard_altar, first_ration

Skill      XL: |  1  2  3  4  5 |
---------------+----------------+-----
Fighting       | 4 |  4.4
Armour         | 4 |  4.6
Shields        | 4 |  4.5
Axes           | 3 4 |  4.1
Dodging        | 1 |  1.0

Action                   |  1- 3 |  4- 6 || total
-------------------------+-------+-------++-------
Melee: War axe           |    82 |    39 ||   121
       Headbutt          |     9 |     1 ||    10
  Eat: Chunk             |     1 |     2 ||     3
Armor: Scale mail        |    30 |    17 ||    47
Dodge: Dodged            |    20 |    20 ||    40
Block: Shield            |    54 |    26 ||    80
